 Dungeon Crawl Stone Soup version 0.20-a0-509-ga2a529b (webtiles) character file.

142 M4edhros the Vexing (level 5, -3/37 HPs)
             Began as a Formicid Arcane Marksman on Jan 22, 2017.
             Was an Initiate of Qazlal.
             Slain by an orc wizard
             ... wielding a +0 dagger
              (5 damage)
             ... on level 7 of the Dungeon.
             The game lasted 00:05:10 (3021 turns).

M4edhros the Vexing (Formicid Arcane Marksman)      Turns: 3021, Time: 00:05:10

Health: -3/37      AC:  2    Str: 14    XL:     5   Next: 49%
Magic:  6/6        EV: 13    Int: 13    God:    Qazlal [......]
Gold:   163        SH:  0    Dex: 12    Spells: 5/6 levels left

rFire    . . .     SeeInvis +   j - +2 mace (protect)
rCold    . . .     Gourm    .   e - +0 robe
rNeg     . . .     Faith    .   (no shield)
rPois    .         Spirit   .   (helmet unavailable)
rElec    .         Reflect  .   (no cloak)
rCorr    .         Harm     .   (no gloves)
MR       .....                  (no boots)
Stlth    +.........             (no amulet)
Regen    0.2/turn               (no ring)
                                (no ring)

@: confused
A: permanent stasis, dig shafts and tunnels, four strong arms, antennae 3
a: Dig, Shaft Self, Renounce Religion


You were on level 7 of the Dungeon.
You worshipped Qazlal.
Qazlal was noncommittal.
You were not hungry.

You visited 1 branch of the dungeon, and saw 7 of its levels.

You collected 163 gold pieces.

Inventory:

Hand Weapons
 a - a +0 hand crossbow
 i - a +0 mace
 j - a +2 mace of protection (weapon)
Armour
 e - a +0 robe (worn)
Scrolls
 b - 3 scrolls of identify {unknown}
 d - a scroll of amnesia {unknown}
 g - a scroll of enchant armour {unknown}
 h - a scroll of random uselessness {unknown}
 k - 2 scrolls of recharging {unknown}
 l - a scroll of immolation {unknown}
 m - a scroll of remove curse {unknown}
Books
 c - a book of Debilitation

   Spells                             Type                      Level
   a - Corona                         Hexes                        1
   b - Slow                           Hexes                        2
   c - Gell's Gravitas                Hexes/Translocation          3
   d - Inner Flame                    Hexes/Fire                   3
   e - Cause Fear                     Hexes                        4
   f - Leda's Liquefaction            Hexes/Earth                  4
Comestibles
 f - 2 bread rations


   Skills:
 - Level 1.1 Fighting
 * Level 1.6 Maces & Flails
 * Level 3.9 Crossbows
 + Level 2.6 Dodging
 - Level 1.1 Spellcasting
 + Level 4.3 Hexes


You had 5 spell levels left.
You knew the following spells:

 Your Spells              Type           Power        Failure   Level  Hunger
a - Corona                Hex            ##.....      6%          1    ##.....


Dungeon Overview and Level Annotations

Branches:
Dungeon (7/15)
 Temple: D:4-7

Altars:
Ashenzari
Dithmenos
Qazlal
Sif Muna

Annotations:
D:5 Eustachio; M4edhros's ghost, novice FoAM
D:6 Pikel


Innate Abilities, Weirdness & Mutations

You cannot be hasted, slowed, berserked, paralysed or teleported.
You can dig through walls and to a lower floor.
Your four strong arms can wield two-handed weapons with a shield.
You have a pair of large antennae on your head. (SInv)


Message History

The orc wizard is lightly wounded.
The orc wizard completely misses you.
The orc wizard points at you and mumbles some strange words.
The puff of flame hits you!
You barely miss the orc wizard.
The orc wizard is lightly wounded.
The orc wizard points at you and mumbles some strange words.
You are confused.
You're too confused to attack without stumbling around!
You're too confused to attack without stumbling around!
You aren't carrying any potions.
Your mandibles retract as you bump into the rock wall.
The orc wizard completely misses you.
You're too confused to move!
The orc wizard hits you with a dagger.
* * * LOW HITPOINT WARNING * * *
You miss the orc wizard. The orc wizard closely misses you.
You bump into the rock wall.
The orc wizard hits you with a dagger.
* * * LOW HITPOINT WARNING * * *
You bump into the rock wall.
The orc wizard hits you with a dagger.
You die...

......###
..............
........###
............#
..........#
#.o......#
...........
#........#
...........
#........#
..=<.......
##......##
..O........
#......#
...........
###.....#
...........
#@#{{..##
#........!.
##o#...#
..#........
#######
#####...... #
##.... # ####
# # #


You could see an orc wizard (invisible).

Vanquished Creatures
  A jelly (D:5)
  A crimson imp (D:6)
  3 adders
  3 dart slugs
  A leopard gecko (D:5)
  An orc (D:7)
  2 giant cockroaches
  3 hobgoblins (D:1)
  8 jackals (D:1)
  A ball python (D:2)
  A bat (D:1)
  2 frilled lizards (D:1)
  5 goblins
  3 kobolds (D:1)
  5 rats
40 creatures vanquished.

Notes
Turn   | Place    | Note
-------+----------+-------------------------------------------
     0 | D:1      | M4edhros the Formicid Arcane Marksman began the quest for the Orb.
     0 | D:1      | Reached XP level 1. HP: 15/15 MP: 2/2
   135 | D:1      | Reached XP level 2. HP: 21/21 MP: 3/3
   715 | D:1      | Reached XP level 3. HP: 25/26 MP: 4/4
  1307 | D:3      | Reached skill level 4 in Hexes
  1307 | D:3      | Reached XP level 4. HP: 32/32 MP: 5/5
  1317 | D:3      | Found a stormy altar of Qazlal.
  1317 | D:3      | Found a shadowy altar of Dithmenos.
  1387 | D:3      | Became a worshipper of Qazlal Stormbringer
  1482 | D:2      | You fall through a shaft!
  1492 | D:3      | You fall through a shaft for 2 floors!
  1492 | D:5      | Entered Level 5 of the Dungeon
  2050 | D:5      | Found a shattered altar of Ashenzari.
  2166 | D:5      | Reached skill level 1 in Maces & Flails
  2166 | D:5      | Reached XP level 5. HP: 37/37 MP: 6/6
  2198 | D:5      | Noticed Eustachio
  2501 | D:5      | Noticed M4edhros's ghost (novice FoAM)
  2617 | D:6      | Noticed Pikel
  2617 | D:6      | Noticed a slave
  2617 | D:6      | Noticed a slave
  2617 | D:6      | Noticed a slave
  2654 | D:6      | Noticed a bullfrog
  2659 | D:6      | You fall through a shaft!
  2798 | D:7      | Found a deep blue altar of Sif Muna.
  2798 | D:7      | Noticed an ogre
  3002 | D:6      | You fall through a shaft!
  3021 | D:7      | Slain by an orc wizard

Vault maps used:
D:1:      roderic_dead_forest, minmay_door_square
D:2:      hangedman_decor_growths, grunt_ministairs_6
D:3:      lemuel_upstairs_altar, gammafunk_temple_overflow_pools
D:4:      kennysheep_the_goblin_king, uniq_blork_the_orc, uniq_robin
D:5:      first_bread, basic_altar, uniq_eustachio
D:6:      uniq_pikel
D:7:      lemuel_crystal_altar, okawaru_trees_1, grunt_ogre_cave, uniq_joseph

Skill      XL: |  1  2  3  4 |
---------------+-------------+-----
Dodging        | 2 |  2.6
Crossbows      | 3 |  3.9
Hexes          | 4 |  4.3
Maces & Flails | 1 |  1.6
Fighting       | |  1.1
Spellcasting   | |  1.1

Action                   |  1- 3 |  4- 6 || total
-------------------------+-------+-------++-------
Melee: Mace              |    29 |    65 ||    94
 Fire: Hand crossbow     |    76 |    10 ||    86
 Abil: Shaft Self        |       |     4 ||     4
       Dig               |       |     2 ||     2
  Use: Potion            |       |     2 ||     2
  Eat: Chunk             |     1 |       ||     1
       Bread ration      |       |     2 ||     2
Armor: Robe              |    24 |    25 ||    49
Dodge: Dodged            |    51 |    88 ||   139
